 Dungeon Crawl Stone Soup version 0.26-a0-466-g989023bd0d (webtiles) character file.

Game seed: 10630126105774175120

109 kae the Insei (level 4, -3/35 HPs)
             Began as a Demonspawn Gladiator on Aug 11, 2020.
             Slain by a gnoll
             ... wielding a +0 club
              (5 damage)
             ... on level 3 of the Dungeon.
             The game lasted 00:02:15 (3482 turns).

kae the Insei (Demonspawn Gladiator)                Turns: 3482, Time: 00:02:15

Health: -3/35      AC:  4    Str: 15    XL:     4   Next: 59%
Magic:  4/4        EV: 12    Int:  9    God:
Gold:   132        SH:  0    Dex: 15    Spells: 3/3 levels left

rFire    . . .     SeeInvis .   e - +0 whip
rCold    . . .     Faith    .   (no shield)
rNeg     . . .     Spirit   .   a - +0 leather armour
rPois    .         Reflect  .   b - +0 helmet
rElec    .         Harm     .   (no cloak)
rCorr    .                      (no gloves)
MR       .....                  (no boots)
Stlth    +.........             (no amulet)
HPRegen  0.11/turn              (no ring)
MPRegen  0.09/turn              (no ring)

@: no status effects
A: powered by pain 1, rot immunity
a: no special abilities


You were on level 3 of the Dungeon.
You visited 1 branch of the dungeon, and saw 3 of its levels.

You collected 132 gold pieces.

Inventory:

Hand Weapons
 e - a +0 whip (weapon)
Missiles
 c - 3 throwing nets (quivered)
Armour
 a - a +0 leather armour (worn)
 b - a +0 helmet (worn)
Scrolls
 f - a scroll of enchant weapon {unknown}
Potions
 d - 2 potions of curing
 g - a potion of flight
 h - a potion of invisibility {unknown}
 j - a potion of might {unknown}


   Skills:
 + Level 3.1 Fighting
 - Level 1.7 Throwing
 - Level 2.6 Dodging
 * Level 4.3 Unarmed Combat


You had 3 spell levels left.
You didn't know any spells.
Your spell library was empty.

Dungeon Overview and Level Annotations

Branches:
Dungeon (3/15)

Altars:


Innate Abilities, Weirdness & Mutations

You sometimes gain a little power by taking damage.
You are immune to rotting.


Message History

You barely miss the gnoll.
The gnoll is almost dead.
A giant cockroach comes into view.
The gnoll barely misses you. x2
The gnoll hits you from afar with a +0 spear.
You hit the gnoll.
The gnoll is almost dead.
The gnoll hits you but does no damage. The gnoll closely misses you.
The gnoll hits you from afar with a +0 spear.
You closely miss the gnoll.
The gnoll is almost dead.
The gnoll hits you but does no damage. x2; The gnoll closely misses you.
You closely miss the gnoll.
The gnoll is almost dead.
The gnoll closely misses you.
The gnoll hits you from afar with a +0 spear.
The gnoll hits you with a +0 flail!
* * * LOW HITPOINT WARNING * * *
The giant cockroach closely misses you. The gnoll hits you with a +0 club.
You die...

#.##.# #.##.#
#.##.######
##.........#
#............#####.##
#.#####...#..........
#<.....#..#####
........###.....#
###......#@.###.#
.(....#.sg##
.########g##
......g.# ######.##
#. #. #. ..


You could see 3 gnolls and a giant cockroach.

Vanquished Creatures
  4 adders (D:2)
  3 oozes
  3 worms
  2 leopard geckos
  3 giant cockroaches
  9 goblins
  5 hobgoblins
  2 jackals (D:1)
  A ball python (D:2)
  3 bats
  2 frilled lizards
  7 kobolds
  8 rats
52 creatures vanquished.

Notes
Turn   | Place    | Note
-------+----------+-------------------------------------------
     0 | D:1      | kae the Demonspawn Gladiator began the quest for the Orb.
     0 | D:1      | Reached XP level 1. HP: 16/16 MP: 1/1
   139 | D:1      | Reached skill level 3 in Unarmed Combat
   139 | D:1      | Gained mutation: You sometimes gain a little power by
                  | taking damage. [demonic ancestry]
   139 | D:1      | Reached XP level 2. HP: 15/22 MP: 2/2
  1122 | D:2      | Reached XP level 3. HP: 23/28 MP: 3/3
  1955 | D:2      | Reached skill level 4 in Unarmed Combat
  2001 | D:2      | Gained mutation: You are immune to rotting. [demonic
                  | ancestry]
  2001 | D:2      | Reached XP level 4. HP: 17/34 MP: 4/4
  3482 | D:3      | Slain by a gnoll

Illustrated notes

Levels and vault maps discovered:
D:1:      dpeg_arrival_castle, layout_loops_ring
D:2:      layout_loops_corners
D:3:      layout_loops_ring, minmay_misc_feat_ornament, minivault_25

Skill      XL: |  1  2  3  4 |
---------------+-------------+-----
Unarmed Combat | 3 4 |  4.3
Fighting       | 3 |  3.1
Throwing       | |  1.7
Dodging        | |  2.6

Action                   |  1- 3 |  4- 6 || total
-------------------------+-------+-------++-------
Melee: Unarmed           |    12 |       ||    12
       Whip              |   150 |   103 ||   253
       Punch             |     2 |     4 ||     6
  Use: Scroll            |     4 |       ||     4
 Stab: Sleeping          |     1 |     1 ||     2
Armor: Leather armour    |    40 |    23 ||    63
Dodge: Dodged            |    97 |    59 ||   156

Table legend: (Time is in decaauts)
 A = Elapsed time spent in this place.
 B = Non-inter-level travel time spent in this place.
 C = Inter-level travel time spent in this place.
 D = Time resting spent in this place.
 E = Time spent auto-exploring this place.
 F = Levels seen in this place.
 G = Mean time per level.
                   A        B        C        D        E       F      G
               +--------+--------+--------+--------+--------+-----+--------+
         Total |   3512 |   3467 |     45 |    234 |   2760 |   3 | 1170.7 |
       Dungeon |   3512 |   3467 |     45 |    234 |   2760 |   3 | 1170.7 |
               +--------+--------+--------+--------+--------+-----+--------+

Top non-repeatable levels by time:
     D:2: 1990 daAuts
     D:1: 1108 daAuts
     D:3: 413 daAuts
